 Dungeon Crawl Stone Soup version 0.27-a0-1200-g94dc6ad4cf (webtiles) character file.

Game seed: 3900600477756718494

2 polve the Chopper (level 1, 0/16 HPs)
             Began as a Demonspawn Gladiator on May 30, 2021.
             Slain by a rat (2 damage)
             ... on level 1 of the Dungeon.
             The game lasted 00:00:06 (20 turns).

polve the Chopper (Demonspawn Gladiator)              Turns: 20, Time: 00:00:06

Health: 0/16       AC:  4    Str: 14    XL:     1   Next: 25%
Magic:  1/1        EV: 12    Int:  9    God:
Gold:   0          SH:  0    Dex: 14    Spells: 0/0 levels left

rFire    . . .     SeeInvis .   a - +0 war axe
rCold    . . .     Faith    .   (no shield)
rNeg     . . .     Spirit   .   b - +0 leather armour
rPois    .         Reflect  .   c - +0 helmet
rElec    .         Harm     .   (no cloak)
rCorr    .         Rampage  .   (no gloves)
Will     .....                  (no boots)
Stlth    +.........             (no amulet)
HPRegen  0.05/turn              (no ring)
MPRegen  0.07/turn              (no ring)

@: no status effects
A: no striking features
a: no special abilities


You were on level 1 of the Dungeon.
You visited 1 branch of the dungeon, and saw 1 of its levels.

Inventory:

Hand Weapons
 a - a +0 war axe (weapon)
Missiles
 d - 3 throwing nets (quivered)
Armour
 b - a +0 leather armour (worn)
 c - a +0 helmet (worn)


   Skills:
 - Level 2.0 Fighting
 + Level 2.8 Axes
 - Level 1.7 Throwing
 - Level 2.6 Dodging


You couldn't memorise any spells.
You didn't know any spells.
Your spell library was empty.

Dungeon Overview and Level Annotations

Branches:
Dungeon (1/15)

Altars:


Message History

The hobgoblin closely misses you. The jackal closely misses you.
The frilled lizard bites you.
You barely miss the frilled lizard. You barely miss the jackal.
You hit the hobgoblin. You closely miss the jackal.
The jackal bites you but does no damage.
The jackal misses you. The hobgoblin closely misses you.
The frilled lizard bites you but does no damage.
The jackal bites you but does no damage.
The jackal bites you.
You closely miss the jackal. You closely miss the hobgoblin.
You closely miss the jackal. You hit the frilled lizard.
The jackal closely misses you. The hobgoblin misses you.
The jackal closely misses you. The frilled lizard barely misses you.
The jackal bites you but does no damage.
The hobgoblin hits you. The jackal barely misses you.
A goblin comes into view. It is wielding a +0 club.
You barely miss the jackal. You closely miss the hobgoblin. You hit the jackal.
You hit the frilled lizard.
You kill the frilled lizard!
The jackal bites you but does no damage.
The jackal closely misses you. The hobgoblin hits you.
You hit the hobgoblin.
The hobgoblin is almost dead.
You hit the jackal but do no damage. You closely miss the jackal.
The jackal bites you but does no damage. x2
The jackal misses you.
The jackal bites you but does no damage.
The hobgoblin barely misses you.
You slash the hobgoblin!
You kill the hobgoblin!
You slash the jackal!
You kill the jackal!
You closely miss the goblin. You hit the jackal. The jackal closely misses you.
The goblin closely misses you. The jackal bites you.
* * * LOW HITPOINT WARNING * * *
A rat comes into view.
The goblin hits you with a +0 club.
* * * LOW HITPOINT WARNING * * *
The rat bites you.
You die...

#... ..r. .#..
... ..# ###..#
#.r..#.#
#@h....#
#..†g.....#
#...........
........⌠..##
..........$..#
.###......._.#
##...?......
...........


You could see a jackal, a goblin and 2 rats.

Vanquished Creatures
  A hobgoblin (D:1)
  2 jackals (D:1)
  A frilled lizard (D:1)
4 creatures vanquished.

Notes
Turn   | Place    | Note
-------+----------+-------------------------------------------
     0 | D:1      | polve the Demonspawn Gladiator began the quest for the Orb.
     0 | D:1      | Reached XP level 1. HP: 16/16 MP: 1/1
    12 | D:1      | Found a faded altar of an unknown god.
    20 | D:1      | Slain by a rat

Illustrated notes

Levels and vault maps discovered:
D:1:      ldierk_walled_garden, layout_rooms, ebering_ecumenical_altar_abandoned

Action                   || total
-------------------------++-------
Melee: War axe           ||     7
Armor: Leather armour    ||    10
Dodge: Dodged            ||    17

Table legend: (Time is in decaauts)
 A = Elapsed time spent in this place.
 B = Non-inter-level travel time spent in this place.
 C = Inter-level travel time spent in this place.
 D = Time resting spent in this place.
 E = Time spent auto-exploring this place.
 F = Levels seen in this place.
 G = Mean time per level.
                   A        B        C        D        E       F      G
               +--------+--------+--------+--------+--------+-----+--------+
         Total |     24 |     24 |      0 |      0 |     14 |   1 |   24.0 |
       Dungeon |     24 |     24 |      0 |      0 |     14 |   1 |   24.0 |
               +--------+--------+--------+--------+--------+-----+--------+

Top non-repeatable levels by time:
     D:1: 24 daAuts
